 Dungeon Crawl Stone Soup version 0.28-a0-206-gc2c9e32840 (webtiles) character file.

Game seed: 8329916071225970193

330 rabbitsville the Chopper (level 6, -3/57 HPs)
             Began as a Minotaur Berserker on Aug 20, 2021.
             Was a Priest of Trog.
             Killed from afar by an orc wizard (8 damage)
             ... with a magic dart
             ... on level 4 of the Dungeon.
             The game lasted 00:09:08 (2951 turns).

rabbitsville the Chopper (Minotaur Berserker)       Turns: 2951, Time: 00:09:09

Health: -3/57      AC: 15    Str: 23    XL:     6   Next: 26%
Magic:  5/5        EV: 10    Int:  4    God:    Trog [***...]
Gold:   198        SH:  3    Dex: 10    Spells: 5/5 levels left

rFire   . . .      SeeInvis .   a - +0 hand axe
rCold   . . .      Faith    .   h - +0 buckler
rNeg    . . .      Spirit   .   e - +0 plate armour
rPois   .          Reflect  .   (helmet restricted)
rElec   .          Harm     .   (no cloak)
rCorr   .          Rampage  .   m - +0 pair of gloves
Will    .....                   p - +2 pair of boots
Stlth   ..........              (no amulet)
HPRegen 0.19/turn               d - +4 ring of evasion
MPRegen 0.09/turn               (no ring)

@: on berserk cooldown, slowed, very slow
A: horns 2, retaliatory headbutt
a: Renounce Religion, Berserk, Trog's Hand


You were on level 4 of the Dungeon.
You worshipped Trog.
Trog was most pleased with you.
You visited 1 branch of the dungeon, and saw 4 of its levels.

You collected 198 gold pieces.

Inventory:

Hand Weapons
 a - a +0 hand axe (weapon)
Missiles
 i - 21 poisoned darts (quivered)
Armour
 b - a +0 animal skin
 e - a +0 plate armour (worn)
 h - a +0 buckler (worn)
 m - a +0 pair of gloves (worn)
 p - a +2 pair of boots (worn)
Jewellery
 d - a +4 ring of evasion (left hand)
Wands
 o - a wand of charming (2)
Scrolls
 c - a scroll of identify {unknown}
 n - a scroll of silence {unknown}
Potions
 f - 2 potions of magic {unknown}
 g - a potion of mutation {unknown}
 k - a potion of berserk rage {unknown}
 l - a potion of heal wounds {unknown}


   Skills:
 + Level 5.7 Fighting
 * Level 7.3 Axes
 - Level 2.4 Armour
 - Level 2.1 Dodging


You had 5 spell levels left.
You didn't know any spells.
Your spell library was empty.

Dungeon Overview and Level Annotations

Branches:
Dungeon (4/15)
 Temple: D:4-7

Altars:
Gozag

Annotations:
D:4 Edmund, Pikel


Innate Abilities, Weirdness & Mutations

You have a pair of horns on your head.
You reflexively headbutt those who attack you in melee.


Message History

You hit the adder skeleton but do no damage.
You completely miss the lemure. The adder skeleton closely misses you.
Pikel hits you but does no damage. The lemure hits you.
The lemure hits you but does no damage.
A red film seems to cover your vision as you go berserk!
You feel yourself moving faster!
You feel mighty! Pikel hits you but does no damage.
The lemure hits you but does no damage. The lemure hits you.
* * * LOW HITPOINT WARNING * * *
You slash Pikel!
Pikel is moderately wounded.
You closely miss the lemure. You closely miss the orc. You hit the lemure.
The orc hits you but does no damage.
Pikel hits you with a +2 whip of electrocution.
* * * LOW HITPOINT WARNING * * *
You are electrocuted!
* * * LOW HITPOINT WARNING * * *
You are too berserk!
The lemure barely misses you.
You feel a strong urge to attack something.
You feel your anger nearly subside.
You are no longer berserk.
You are exhausted.
You feel yourself slow down.
You see here 26 sling bullets.
You block the lemure's attack. The lemure misses you. You furiously retaliate!
You headbutt the lemure!
Edmund the Younger comes into view.
He is wielding a +1 dire flail of holy wrath.
The orc hits you with a +0 club.
* * * LOW HITPOINT WARNING * * *
The orc hits you but does no damage. The lemure hits you but does no damage.
Blink to where?
Press: ? - help, Dir - move target
As you read the scroll labelled KUHYRH CEDO, it crumbles to dust.
It was a scroll of blinking.
Blink to where?
Press: ? - help, Dir - move target
As you read the scroll of blinking, it crumbles to dust.
A magic dart appears from out of thin air!
The magic dart hits you!
You die...

......###.###
......#.....#
#######.#.###
#.._..# ###.#.#
#.....# ###.###
#.'#########
#.......@..#
#..........#######
#................#
#................#
#..#####..Z......#
#..# #....Z....#
#..# #.........#
#..# #.......{.#
..#####.........#


You could see an adder skeleton and a centaur skeleton.

Vanquished Creatures
  A scorpion (D:4)
  Ijyb (D:3)
  A hound (D:4)
  Natasha (D:2)
  An orc wizard (D:3)
  Robin (D:2)
  A howler monkey skeleton (D:2)
  6 adders
  An adder zombie (D:2)
  2 worms
  A dart slug (D:1)
  4 orcs
  5 bats
  A bat skeleton (D:2)
  6 endoplasms
  11 goblins
  9 hobgoblins
  6 jackals (D:1)
  6 kobolds
  A quokka (D:1)
  6 ball pythons
  2 ball python skeletons (D:2)
  2 ball python zombies (D:2)
  3 frilled lizards
  A quokka zombie (D:2)
  5 rats
85 creatures vanquished.

Notes
Turn   | Place    | Note
-------+----------+-------------------------------------------
     0 | D:1      | rabbitsville the Minotaur Berserker began the quest for the
                  | Orb.
     0 | D:1      | Reached XP level 1. HP: 19/19 MP: 0/0
   254 | D:1      | Reached skill level 4 in Axes
   258 | D:1      | Reached XP level 2. HP: 8/27 MP: 1/1
   937 | D:1      | Reached XP level 3. HP: 30/33 MP: 2/2
  1145 | D:2      | Reached ** piety under Trog
  1280 | D:2      | Reached skill level 5 in Axes
  1308 | D:2      | Found a faded altar of an unknown god.
  1435 | D:2      | Reached XP level 4. HP: 26/41 MP: 3/3
  1644 | D:2      | Noticed Robin
  1658 | D:2      | Killed Robin
  1811 | D:2      | Noticed Natasha
  1820 | D:2      | Killed Natasha
  1821 | D:2      | Reached skill level 5 in Fighting
  1821 | D:2      | Reached skill level 6 in Axes
  1821 | D:2      | Reached XP level 5. HP: 33/48 MP: 4/4
  2183 | D:3      | Reached *** piety under Trog
  2720 | D:3      | Noticed Ijyb
  2730 | D:3      | Killed Ijyb
  2821 | D:4      | Reached skill level 7 in Axes
  2821 | D:4      | Reached XP level 6. HP: 52/56 MP: 5/5
  2879 | D:4      | Found an opulent altar of Gozag.
  2925 | D:4      | Noticed Pikel
  2948 | D:4      | Noticed Edmund
  2951 | D:4      | Killed from afar by an orc wizard

Illustrated notes

Levels and vault maps discovered:
D:1:      lemuel_arrival_tunnels, layout_rooms, minivault_26,
          minmay_three_crescents
D:2:      layout_basic, hellmonk_ecumenical_altar_crossroads, serial_undead,
          serial_undead_a, serial_undead_a, serial_undead_e, serial_undead_d,
          uniq_robin, uniq_natasha
D:3:      layout_loops_cross, uniq_ijyb
D:4:      layout_basic, mainiacjoe_overflow_six_doors_small,
          nicolae_gozag_cash_rules_everything_around_me, serial_shops,
          nicolae_inconvenience_store, uniq_pikel, uniq_duvessa, uniq_grinder,
          uniq_edmund

Skill      XL: |  1  2  3  4  5 |
---------------+----------------+-----
Axes           | 4 5 6 7 |  7.3
Fighting       | 4 5 |  5.7
Armour         | |  2.4
Dodging        | |  2.1

Action                   |  1- 3 |  4- 6 || total
-------------------------+-------+-------++-------
Melee: Hand axe          |    71 |   118 ||   189
       Headbutt          |    11 |    25 ||    36
Invok: Berserk           |       |     2 ||     2
  Use: Scroll            |       |     2 ||     2
Armor: Animal skin       |     3 |       ||     3
       Plate armour      |    35 |    70 ||   105
Dodge: Dodged            |    45 |    58 ||   103
Block: Buckler           |     5 |     8 ||    13

Table legend: (Time is in decaauts)
 A = Elapsed time spent in this place.
 B = Non-inter-level travel time spent in this place.
 C = Inter-level travel time spent in this place.
 D = Time resting spent in this place.
 E = Time spent auto-exploring this place.
 F = Levels seen in this place.
 G = Mean time per level.
                   A        B        C        D        E       F      G
               +--------+--------+--------+--------+--------+-----+--------+
         Total |   2971 |   2845 |    126 |    695 |   1164 |   4 |  742.8 |
       Dungeon |   2971 |   2845 |    126 |    695 |   1164 |   4 |  742.8 |
               +--------+--------+--------+--------+--------+-----+--------+

Top non-repeatable levels by time:
     D:1: 1147 daAuts
     D:2: 965 daAuts
     D:3: 710 daAuts
     D:4: 148 daAuts
